 Dungeon Crawl Stone Soup version 0.29-a0-472-ge5599a681e (webtiles) character file.

Game seed: 4596717380681099075

317 Zeld the Changer (level 6, -8/41 HPs)
             Began as an Octopode Transmuter on May 22, 2022.
             Mangled by Crazy Yiuf
             ... wielding a +4 quarterstaff of chaos
              (19 damage)
             ... on level 3 of the Dungeon.
             The game lasted 00:03:39 (4003 turns).

Zeld the Changer (Octopode Transmuter)              Turns: 4003, Time: 00:03:39

Health: -8/41      AC:  2    Str: 11    XL:     6   Next: 44%
Magic:  10/11      EV: 19    Int: 15    God:
Gold:   172        SH:  0    Dex: 18    Spells: 2/12 levels left

rFire   . . .      SeeInvis .     - Unarmed
rCold   . . .      Faith    .   (shield currently unavailable)
rNeg    . . .      Spirit   .   (helmet currently unavailable)
rPois   x          Reflect  .   (no amulet)
rElec   .          Harm     .   (no ring)
rCorr   .          Rampage  .   (no ring)
Will    .....                   (no ring)
Stlth   ++........              (no ring)
HPRegen 0.13/turn               (no ring)
MPRegen 0.12/turn               (no ring)
                                (no ring)
                                (no ring)

@: spider-form (expiring)
A: venomous fangs, almost no armour, (amphibious), 8 rings, tiny, (camouflage
1), (gelatinous body 1), (nimble swimmer 1), (tentacles)
a: End Transformation


You were on level 3 of the Dungeon.
You were a venomous arachnid creature.
You visited 1 branch of the dungeon, and saw 3 of its levels.

You collected 172 gold pieces.

Inventory:

Wands
 h - a wand of flame (23)
Scrolls
 b - 2 scrolls of noise {unknown}
 c - 3 scrolls of identify {unknown}
 d - a scroll of silence {unknown}
 e - a scroll of fog {unknown}
 j - a scroll of poison {unknown}
Potions
 a - 4 potions of lignification
 f - a potion of magic {unknown}
 g - a potion of curing {unknown}
 i - a potion of berserk rage {unknown}


   Skills:
 + Level 2.5 Fighting
 - Level 2.0 Dodging
 + Level 3.1 Stealth
 - Level 3.0 Unarmed Combat
 * Level 3.6 Spellcasting
 * Level 3.9 Transmutations
 + Level 0.4 Ice Magic
 - Level 2.0 Poison Magic


You had 2 spell levels left.
You knew the following spells:

 Your Spells              Type           Power      Damage    Failure   Level
a - Beastly Appendage     Tmut           28%        N/A       12%         1
b - Wereblood             Tmut           14%        N/A       16%         2
c - Spider Form           Tmut/Pois      11%        N/A       36%         3
d - Ice Form              Ice/Tmut       9%         N/A       78%         4

Your spell library contained the following spells:

 Spells                   Type           Power      Damage    Failure   Level
 Airstrike                Air            1%         N/A       96%         4
 Summon Lightning Spire   Summ/Air       2%         N/A       96%         4
 Lightning Bolt           Conj/Air       1%         1d12      100%        5


Dungeon Overview and Level Annotations

Branches:
Dungeon (3/15)

Altars:
Ashenzari
Qazlal

Annotations:
D:3 Crazy Yiuf


Innate Abilities, Weirdness & Mutations

You are a venomous arachnid creature.
You have poisonous fangs.
You are tiny and dextrous.
Your spellcasting is less reliable in this form.
Your armour is entirely melded.
You are incapable of wielding weapons or throwing items.
You cannot wear most types of armour.
((You are amphibious.))
You can wear up to eight rings at the same time.
((Your skin changes colour to match your surroundings (Stealth+).))
((Your rubbery body absorbs attacks. (AC +1, EV +1)))
((You are camouflaged when in or above water. (Stealth+)))
((You have tentacles for arms and can constrict up to eight enemies at once.))


Message History

Your tentacle spike disappears.
You see here a +0 dagger.
Things that are here:
a +0 club; 8 stones; a goblin corpse
Found a mace.
Found a runed translucent door.
Crazy Yiuf shouts!
Casting: Beastly Appendage (safe; 3% risk of failure)
Confirm with . or Enter, or press ? or * to list all spells.
The spell is quite dangerous to miscast (17% risk of failure)!
Continue anyway? [Y]es or [N]o only, please.
The spell is quite dangerous to miscast (17% risk of failure)!
Continue anyway?
You turn into a venomous arachnid creature.
You open the door. You barely miss Crazy Yiuf.
Crazy Yiuf sings, "Trees, trees, trees, circus!"
Crazy Yiuf hits you with a +4 quarterstaff of chaos!
You hit Crazy Yiuf but do no damage.
Crazy Yiuf is poisoned.
Crazy Yiuf hits you with a +4 quarterstaff of chaos!
Crazy Yiuf burns you.
* * * LOW HITPOINT WARNING * * *
Crazy Yiuf attacks as you move away! Crazy Yiuf barely misses you.
Crazy Yiuf attacks as you move away!
Crazy Yiuf hits you with a +4 quarterstaff of chaos.
* * * LOW HITPOINT WARNING * * *
Crazy Yiuf burns you.
* * * LOW HITPOINT WARNING * * *
Crazy Yiuf attacks as you move away! Crazy Yiuf barely misses you.
Your transformation is almost over.
Crazy Yiuf laughs, "Earwax!
Whippet song dark."
Crazy Yiuf attacks as you move away! Crazy Yiuf misses you.
Crazy Yiuf attacks as you move away! Crazy Yiuf misses you.
Crazy Yiuf looks more healthy.
Crazy Yiuf says, "East unthinkable forty-two!"
Things that are here:
a +0 club; 8 stones; a goblin corpse Crazy Yiuf says, "Gnoll illywillydillykilly aubergine!"
You hit Crazy Yiuf.
Crazy Yiuf is poisoned.
Crazy Yiuf is severely wounded.
Crazy Yiuf hits you with a +4 quarterstaff of chaos!!
You die...

#############.......#
#.......... #.####..#
#..#######.
♣♣♣♣♣####.# #..# #..#
## ♣♣♣.♣.....#.##
#..###..# #
.#♣..♣.........#
#.......#
.'.♣♣♣♣........#
#.####.##### .#♣♣
♣♣....#..#
#..........#
♣♣####..###........#.#
# ###..gs†..###.#.#.#
## #..###)#..###.#.#.#
##. ###########.##
##...##......###.†
......+....##
##....#.......'..
......####.#
#...###....###..
.....# #.## ##..##
##...# ##. ....# ##.##
##....###..### ##
...##
#.(###.####.#.### #
#'## #.#...## ##>.#


You could see Crazy Yiuf (very poisoned).

Vanquished Creatures
  Sigmund (D:2)
  Ijyb (D:3)
  Terence (D:2)
  5 adders
  A worm (D:2)
  4 orcs (D:3)
  4 endoplasms
  6 giant cockroaches
  5 goblins
  5 hobgoblins
  3 quokkas
  6 ball pythons
  3 bats
  4 frilled lizards
  7 kobolds
  7 rats
63 creatures vanquished.

Notes
Turn   | Place    | Note
-------+----------+-------------------------------------------
     0 | D:1      | Zeld the Octopode Transmuter began the quest for the Orb.
     0 | D:1      | Reached XP level 1. HP: 13/13 MP: 3/3
   634 | D:1      | Reached XP level 2. HP: 15/18 MP: 3/5
   648 | D:1      | Learned a level 2 spell: Wereblood
   796 | D:1      | Reached skill level 1 in Stealth
  1326 | D:2      | Noticed Terence
  1477 | D:2      | Noticed Sigmund
  1478 | D:2      | Found a stormy altar of Qazlal.
  1619 | D:2      | Reached XP level 3. HP: 22/23 MP: 4/6
  1623 | D:2      | Learned a level 3 spell: Spider Form
  2135 | D:2      | Killed Terence
  2136 | D:2      | Reached skill level 1 in Poison Magic
  2136 | D:2      | Reached XP level 4. HP: 22/29 MP: 0/8
  2248 | D:2      | Found a faded altar of an unknown god.
  2276 | D:2      | Killed Sigmund
  2277 | D:2      | Reached XP level 5. HP: 6/35 MP: 6/10
  2277 | D:2      | Reached XP level 6. HP: 7/40 MP: 6/11
  2284 | D:2      | Learned a level 4 spell: Ice Form
  3270 | D:3      | Noticed Ijyb
  3281 | D:3      | Killed Ijyb
  3615 | D:3      | Found a broken altar of Ashenzari.
  3981 | D:3      | Found a runed translucent door.
  3982 | D:3      | Noticed Crazy Yiuf
  4003 | D:3      | Mangled by Crazy Yiuf

Illustrated notes

Levels and vault maps discovered:
D:1:      dpeg_arrival_lava_altar, layout_rooms
D:2:      layout_rooms, basic_altar, ebering_ecumenical_altar_mist,
          minmay_strange_pillars, chequers_serial_rivers_room_a, minivault_19,
          uniq_sigmund, uniq_terence
D:3:      layout_loops_corners, nicolae_ashenzari_skybound,
          uniq_crazy_yiuf_cottage, uniq_ijyb

Skill      XL: |  1  2  3  4  5  6 |
---------------+-------------------+-----
Stealth        | 1 2 3 |  3.1
Poison Magic   | 1 2 |  2.0
Fighting       | 2 |  2.5
Spellcasting   | 3 |  3.6
Transmutations | 3 |  3.9
Dodging        | |  2.0
Unarmed Combat | |  3.0
Ice Magic      | |  0.4

Action                   |  1- 3 |  4- 6 || total
-------------------------+-------+-------++-------
Melee: Unarmed           |    64 |    73 ||   137
       Constrict         |    19 |    12 ||    31
       Kick              |    16 |    16 ||    32
       Tentacles         |     6 |     7 ||    13
       Punch             |     1 |     2 ||     3
 Cast: Beastly Appendage |    17 |    15 ||    32
       Spider Form       |     1 |     4 ||     5
 Stab: Sleeping          |     3 |     7 ||    10
Armor: Skin              |    10 |     4 ||    14
Dodge: Dodged            |    43 |    45 ||    88

Table legend: (Time is in decaauts)
 A = Elapsed time spent in this place.
 B = Non-inter-level travel time spent in this place.
 C = Inter-level travel time spent in this place.
 D = Time resting spent in this place.
 E = Time spent auto-exploring this place.
 F = Levels seen in this place.
 G = Mean time per level.
                   A        B        C        D        E       F      G
               +--------+--------+--------+--------+--------+-----+--------+
         Total |   3998 |   3904 |     94 |   1145 |   2226 |   3 | 1332.7 |
       Dungeon |   3998 |   3904 |     94 |   1145 |   2226 |   3 | 1332.7 |
               +--------+--------+--------+--------+--------+-----+--------+

Top non-repeatable levels by time:
     D:1: 2048 daAuts
     D:2: 1036 daAuts
     D:3: 914 daAuts
